 Dungeon Crawl Stone Soup version 0.18.1-48-g4cf74bf (webtiles) character file.

33 meme the Sneak (level 3, -1/16 HPs)
             Began as a Vine Stalker Enchanter on July 9, 2016.
             Was an Initiate of the Shining One.
             Slain by an adder (2 damage)
             ... on level 2 of the Dungeon.
             The game lasted 00:13:09 (676 turns).

meme the Sneak (Vine Stalker Enchanter)              Turns: 676, Time: 00:13:10

Health: -1/16      AC:  4    Str: 11    XL:     3   Next: 29%
Magic:  0/7        EV: 12    Int: 15    God:    the Shining One [......]
Gold:   25         SH:  0    Dex: 14    Spells: 2 memorised, 3 levels left

rFire  . . .     SeeInvis .     (no weapon)
rCold  . . .     Gourm    .     b - +1 robe
rNeg   . . .     Faith    .     (no shield)
rPois  .         Spirit   +     (no helmet)
rElec  .         Dismiss  .     (no cloak)
rCorr  .         Reflect  .     h - +0 pair of gloves
SustAt .         Harm     .     (no boots)
MR     .....                    (no amulet)
Stlth  +.........               (no ring)
                                (no ring)

@: lethally poisoned (-1 -> -6), glowing, not resistant to hostile enchantments,
very unstealthy
A: fangs 2, regeneration 1, magic shield, antimagic bite, no device heal 3, rot
immunity
a: Renounce Religion


You were on level 2 of the Dungeon.
You worshipped the Shining One.
The Shining One was noncommittal.
You were not hungry.

You visited 1 branch of the dungeon, and saw 2 of its levels.

You collected 25 gold pieces.

Inventory:

Armour
 b - a +1 robe (worn)
 h - a +0 pair of gloves (worn)
Scrolls
 e - a scroll of magic mapping {unknown}
 i - 2 scrolls of amnesia {unknown}
 j - a scroll of identify {unknown}
Potions
 f - a potion of lignification {unknown}
 g - a potion of flight {unknown}
Books
 c - a book of Maledictions

   Spells                             Type                      Level
   a - Corona                         Hexes                        1
   b - Ensorcelled Hibernation        Hexes/Ice                    2
   c - Confuse                        Hexes                        3
   d - Tukima's Dance                 Hexes                        3
   e - Dazzling Spray                 Conjuration/Hexes            3
Comestibles
 d - a bread ration


   Skills:
   Level 0.8 Short Blades
 + Level 1.7 Dodging
 + Level 4.3 Stealth
 + Level 2.3 Spellcasting
 + Level 3.6 Hexes


You had 3 spell levels left.
You knew the following spells:

 Your Spells              Type           Power        Failure   Level  Hunger
a - Corona                Hex            ##.....      6%          1    #......
b - Ensorcelled Hibernat  Hex/Ice        #.....       17%         2    ###....


Dungeon Overview and Level Annotations

Branches:
Dungeon (2/15)

Altars:
The Shining One


Innate Abilities, Weirdness & Mutations

You have extremely sharp teeth.
Your natural rate of healing is unusually fast.
When hurt, damage is shared between your health and your magic reserves.
Your bite disrupts and absorbs the magic of your enemies.
Potions and wands cannot restore your health.
You are immune to rotting.


Message History

Confirm with . or Enter, or press ? or * to list all spells.
Aiming: Corona
Press: ? - help, Shift-Dir - straight line, f/p - adder
Aim: an adder (heavily wounded, softly glowing, chance to defeat MR: 57%)
The adder glows brighter.
You feel sick. The adder barely misses you.
You hit the adder. Your bite misses the adder.
The adder is heavily wounded.
You feel sick. The adder bites you.
You closely miss the adder.
The adder is heavily wounded.
The adder bites you.
You are lethally poisoned!
The adder poisons you!
Drink which item? (? for menu, Esc to quit)
It was a potion of cancellation.
Your magical contamination has completely faded away.
You feel magically purged.
You feel sick. The adder bites you.
* * * LOW HITPOINT WARNING * * *
The adder bites you.
You die...

#...................###......†.##
##################### ##.#...>.#
###......####.#..#..#
...........#.......##
######.......#.#.#......#
.............#.#.#...##.#
#..........#.#......#.#
#..........#.#.)....#.#
#..).S@....#.#.#....#.#
#......######.#.#<####.#.#
####.#. ..#.#......#.# .. ..
..#.####...... ## ### ##
##.#.#..#.###.# .> ..#.#..#.#....
..##.#.#....#.#.#..
.......#.##.#.#.#(#
............#.....#


You could see an adder.

Vanquished Creatures
  6 dart slugs
  3 goblins
  2 hobgoblins
  A ball python (D:1)
  4 bats (D:1)
  A giant newt (D:1)
  2 kobolds (D:1)
  4 rats
23 creatures vanquished.

Vanquished Creatures (others)
  A jackal (D:2)
1 creature vanquished.

Grand Total: 24 creatures vanquished

Notes
Turn   | Place    | Note
--------------------------------------------------------------
     0 | D:1      | meme the Vine Stalker Enchanter began the quest for the Orb.
     0 | D:1      | Reached XP level 1. HP: 9/9 MP: 4/4
   166 | D:1      | Reached XP level 2. HP: 8/13 MP: 3/6
   170 | D:1      | Learned a level 2 spell: Ensorcelled Hibernation
   298 | D:1      | Reached skill level 4 in Stealth
   519 | D:2      | Reached XP level 3. HP: 16/16 MP: 4/7
   528 | D:2      | Found a glowing golden altar of the Shining One.
   537 | D:2      | Became a worshipper of the Shining One
   676 | D:2      | Slain by an adder

Skill      XL: |  1  2 |
---------------+-------+-----
Stealth        | 4 |  4.3
Short Blades   | |  0.8
Dodging        | |  1.7
Spellcasting   | |  2.3
Hexes          | |  3.6

Action                   || total
-------------------------++-------
Melee: Dagger            ||    33
       Bite              ||    24
       Unarmed           ||    39
 Cast: Corona            ||    14
       Ensorcelled Hiber ||    11
  Use: Potion            ||     2
       Scroll            ||     1
 Stab: Sleeping          ||     8
Armor: Robe              ||    17
Dodge: Dodged            ||    60
